cohdb
Replays
Latest Replays
All Replays
Popular Replays
Top Player Replays
Match Explorer
How It Works
Community
CoH3 Stats
Reddit
Sign in to upload your games and track your stats! →
Sign in with Steam
Match 47219936
Unlisted
Match 47219936
Overview
Messages
Build Orders
End
Pioneer Squad
Construct Infanterie Kompanie
Selects Terror Battlegroup
Selects Machine Gun Camouflage
Grenadier Squad
MG 42 Machine Gun Team
Grenadier Squad
MG 42 Machine Gun Team
Construct Luftwaffe Kompanie
Flak 30 Anti-aircraft Gun Team
Support Elements
Wirbelwind Flakpanzer
Medical Bunker
Jäger Squad
Selects No Quarter
Jäger Squad
Construct Panzer Kompanie
Panzer IV Medium Tank
UMirinBrah?
tightrope
0
0
Comments
sign in to comment!
No comments posted yet!